 Dungeon Crawl Stone Soup version 0.19.5 (webtiles) character file.

922 Lizzreth the Slasher (level 7, -4/58 HPs)
             Began as a Demonspawn Chaos Knight on Mar 16, 2017.
             Slain by a sky beast (6 damage)
             ... on level 5 of the Dungeon.
             The game lasted 00:19:36 (3960 turns).

Lizzreth the Slasher (Demonspawn Chaos Knight)      Turns: 3960, Time: 00:19:37

Health: -4/58      AC:  9    Str: 14    XL:     7   Next: 84%
Magic:  16/16      EV:  9    Int: 14    God:    Xom [..*...]
Gold:   159        SH:  0    Dex: 14    Spells: 0 memorised, 6 levels left

rFire  . . .     SeeInvis .     a - +0 falchion (chaos)
rCold  + + +     Gourm    .     L - +2 scale mail {rC+}
rNeg   . . .     Faith    .     (no shield)
rPois  +         Spirit   .     (helmet restricted)
rElec  .         Reflect  .     I - +0 cloak
rCorr  .         Harm     .     (no gloves)
MR     .....     Clarity  +     (no boots)
Stlth  ++........               (no amulet)
                                (no ring)
                                g - ring of magical power

@: no status effects
A: beak, hooves 2, horns 1, camouflage 1, blink, clarity, cold resistance 2,
nightstalker 1, poison resistance, strong 1, wild magic 1
a: Blink, Renounce Religion


You were on level 5 of the Dungeon.
You worshipped Xom.
You were a toy of Xom.
You were not hungry.

You visited 1 branch of the dungeon, and saw 5 of its levels.

You collected 159 gold pieces.

Inventory:

Hand Weapons
 a - a +0 falchion of chaos (weapon)
Armour
 b - a +2 leather armour
 m - a +0 chain mail
 I - a +0 cloak (worn)
 L - a +2 scale mail of cold resistance (worn)
Jewellery
 g - a ring of magical power (left hand)
 p - an uncursed amulet of regeneration {unknown}
Wands
 o - a wand of disintegration (12/24)
 u - a wand of flame (25/48)
 C - a wand of flame (10/48)
 E - a wand of polymorph (7/24)
 G - a wand of flame (24/48)
 J - a wand of iceblast (7/15)
 N - a wand of iceblast (6/15)
 P - a wand of acid (8/15)
Scrolls
 e - 5 scrolls of blinking {unknown}
 f - 2 scrolls of teleportation {unknown}
 h - 9 scrolls of identify {unknown}
 i - a scroll of amnesia {unknown}
 j - 2 scrolls of fear {unknown}
 l - a scroll of magic mapping {unknown}
 n - 2 scrolls of enchant weapon {unknown}
 t - a scroll of immolation {unknown}
 w - a scroll of remove curse {unknown}
 B - a scroll of enchant armour {unknown}
 H - a scroll of random uselessness {unknown}
Potions
 q - 2 potions of berserk rage {unknown}
 v - a potion of flight {unknown}
 x - 2 potions of resistance {unknown}
 D - a potion of haste {unknown}
 F - 2 potions of might {unknown}
 O - a potion of cure mutation {unknown}
Books
 y - a book of Minor Magic

   Spells                             Type                      Level
   a - Magic Dart                     Conjuration                  1
   b - Blink                          Translocation                2
   c - Call Imp                       Summoning                    2
   d - Repel Missiles                 Charms/Air                   2
   e - Slow                           Hexes                        2
   f - Conjure Flame                  Conjuration/Fire             3
   g - Mephitic Cloud                 Conjuration/Poison/Air       3
 K - a book of Geomancy

   Spells                             Type                      Level
   a - Sandblast                      Earth                        1
   b - Passwall                       Transmutation/Earth          2
   c - Stone Arrow                    Conjuration/Earth            3
   d - Petrify                        Transmutation/Earth          4
   e - Lee's Rapid Deconstruction     Earth                        5
Comestibles
 c - 2 bread rations
 d - 4 slices of pizza
 r - a meat ration
 z - 4 fruits
 A - a beef jerky


   Skills:
 + Level 6.0 Fighting
 - Level 7.2 Long Blades
 - Level 1.7 Armour
 - Level 1.0 Dodging


You had 6 spell levels left.
You didn't know any spells.

Dungeon Overview and Level Annotations

Branches:
Dungeon (5/15)
 Temple: D:4-7

Altars:
Vehumet
Xom

Shops:
D:4 %


Innate Abilities, Weirdness & Mutations

You have hoof-like feet.
You have a pair of small horns on your head.
Your flesh is very cold resistant. (rC++)
You are slightly more attuned to the shadows.
You have a beak for a mouth.
Your skin changes colour to match your surroundings (Stealth+).
You can translocate small distances at will.
You possess an exceptional clarity of mind.
Your system is resistant to poisons. (rPois)
Your muscles are strong. (Str +2)
Your spells are a little harder to cast, but a little more powerful.


Message History

Your headbutt misses the sky beast.
The sky beast is almost dead.
The sky beast is no longer moving slowly.
Your iron imp closely misses the sky beast.
The sky beast hits you but does no damage.
You barely miss the sky beast. Your peck misses the sky beast.
The sky beast is almost dead.
Your iron imp barely misses the sky beast.
The sky beast flickers out of sight!
Deactivating autopickup; reactivate with Ctrl-A.
Something hits you but does no damage.
An orc comes into view. It is wielding a club.
You miss something. You kick something.
Your crimson imp blinks!
Something hits you but does no damage.
Unknown command.
You closely miss something. Your kick misses something. Something hits you.
* * * LOW HITPOINT WARNING * * *
Something shocks you.
You die...

≈# ### #.#.... ,
≈≈###.###.#..##.,,
...............,*
......b.#.#..#* *
≈bb.c........#
.≈...b.(#b##.# #####
.≈.(≈..##≈##.# #._.
≈.b....##)##_###.######
.......##...5.o{@_.....
.≈≈..!######_##5#######
≈..≈.:# ####.##.#
...≈(.# #....##.#
.≈≈...# #.#####_#
≈≈....# #.#####_#** *
*,* #(......_,,
#.###.#####. * #.....#
* *


You could see an orc, a friendly iron imp and a friendly crimson imp.

Vanquished Creatures
  Grinder (D:3)
  Sigmund (D:3)
  Menkaure (D:4)
  Edmund (D:5)
  A centaur (D:5)
  2 iguanas
  7 adders
  A shadow imp (D:4)
  An ooze (D:3)
  2 worms (D:4)
  2 dart slugs
  5 leopard geckos
  7 orcs
  9 giant cockroaches
  10 goblins
  8 hobgoblins
  7 jackals
  2 quokkas
  2 ball pythons (D:3)
  4 bats
  8 frilled lizards
  9 kobolds
  3 rats
94 creatures vanquished.

Notes
Turn   | Place    | Note
-------+----------+-------------------------------------------
     0 | D:1      | Lizzreth the Demonspawn Chaos Knight began the quest for the Orb.
     0 | D:1      | Reached XP level 1. HP: 18/18 MP: 1/1
     9 | D:1      | Reached skill level 1 in Dodging
   178 | D:1      | Reached skill level 3 in Long Blades
   202 | D:1      | XOM: divination: detect creatures
   210 | D:1      | Gained mutation: You have a pair of small horns on your head. [demonic ancestry]
   210 | D:1      | Reached XP level 2. HP: 24/24 MP: 2/2
   618 | D:1      | Gained mutation: Your flesh is cold resistant. (rC+) [demonic ancestry]
   618 | D:1      | Reached XP level 3. HP: 21/29 MP: 3/3
   747 | D:2      | Reached skill level 4 in Long Blades
  1094 | D:2      | XOM: divination: magic mapping
  1166 | D:2      | XOM: harmless Hex miscast
  1173 | D:2      | Reached XP level 4. HP: 29/35 MP: 4/4
  1584 | D:2      | XOM: divination: detect creatures
  1682 | D:3      | Noticed Sigmund
  1682 | D:3      | XOM: potion effect (haste)
  1687 | D:3      | XOM: cast spell 'Leda's Liquefaction'
  1702 | D:3      | Killed Sigmund
  1702 | D:3      | Reached skill level 6 in Long Blades
  1702 | D:3      | Gained mutation: You are slightly more attuned to the shadows. [demonic ancestry]
  1702 | D:3      | Reached XP level 5. HP: 19/41 MP: 5/5
  1702 | D:3      | Gained mutation: You have large cloven feet. [demonic ancestry]
  1702 | D:3      | Reached XP level 6. HP: 22/47 MP: 6/6
  1724 | D:3      | XOM: harmless Tloc miscast
  1734 | D:3      | Noticed Grinder
  1738 | D:3      | XOM: potion effect (berserk rage)
  1743 | D:3      | Killed Grinder
  1743 | D:3      | Reached skill level 7 in Long Blades
  1851 | D:3      | XOM: 6-stop teleportation journey
  1973 | D:3      | XOM: give mutations
  1973 | D:3      | Gained mutation: Your system is resistant to poisons. (rPois) [Xom's grace]
  1973 | D:3      | Gained mutation: Your spells are a little harder to cast, but a little more powerful. [Xom's grace]
  1973 | D:3      | Gained mutation: Your flesh is very cold resistant. (rC++) [Xom's grace]
  1973 | D:3      | Gained mutation: Your skin changes colour to match your surroundings (Stealth+). [Xom's grace]
  2115 | D:3      | XOM: give mutations
  2115 | D:3      | Gained mutation: Your muscles are strong. (Str +2) [Xom's grace]
  2115 | D:3      | Gained mutation: You have a beak for a mouth. [Xom's grace]
  2115 | D:3      | Gained mutation: You can translocate small distances at will. [Xom's grace]
  2115 | D:3      | Gained mutation: You possess an exceptional clarity of mind. [Xom's grace]
  2225 | D:3      | XOM: scenery: create altars
  2557 | D:4      | Gained mutation: You have hoof-like feet. [demonic ancestry]
  2557 | D:4      | Reached XP level 7. HP: 52/52 MP: 7/7
  2614 | D:4      | Noticed Menkaure
  2616 | D:4      | XOM: cleaving
  2622 | D:4      | Killed Menkaure
  2887 | D:4      | Found Vintatuf's Food Boutique.
  3148 | D:4      | Found a radiant altar of Vehumet.
  3148 | D:4      | XOM: 10-stop teleportation journey
  3193 | D:4      | XOM: 2-stop teleportation journey
  3526 | D:4      | XOM: harmless Pois miscast
  3535 | D:5      | Entered Level 5 of the Dungeon
  3542 | D:5      | XOM: smoke on damage
  3639 | D:5      | XOM is BORED!
  3639 | D:5      | XOM: mild Fire miscast
  3650 | D:5      | Noticed Edmund
  3665 | D:5      | XOM: cast spell 'Leda's Liquefaction'
  3676 | D:5      | Killed Edmund
  3676 | D:5      | Reached skill level 5 in Fighting
  3918 | D:5      | XOM: cast spell 'Summon Butterflies'
  3938 | D:5      | XOM: divination: magic mapping
  3949 | D:5      | XOM: scenery: create altars
  3950 | D:5      | XOM: summons 2 friendly demons
  3955 | D:5      | HP: 2/58 [sky beast (5)]
  3960 | D:5      | HP: 2/58 [something (1)]
  3960 | D:5      | Slain by a sky beast

Skill      XL: |  1  2  3  4  5  6  7 |
---------------+----------------------+-----
Dodging        | 1 |  1.0
Long Blades    | 3 4 6 7 |  7.2
Fighting       | 6 |  6.0
Armour         | |  1.7

Action                   |  1- 3 |  4- 6 |  7- 9 || total
-------------------------+-------+-------+-------++-------
Melee: Falchion          |   108 |   112 |   113 ||   333
       Headbutt          |    13 |    14 |    29 ||    56
       Kick              |       |    15 |    40 ||    55
       Peck              |       |     1 |    24 ||    25
  Use: Potion            |     1 |       |     5 ||     6
  Eat: Chunk             |       |     2 |     1 ||     3
       Bread ration      |       |     1 |     1 ||     2
Armor: Leather armour    |    23 |       |       ||    23
       Chain mail        |    24 |    70 |    22 ||   116
       Scale mail        |       |       |    20 ||    20
Dodge: Dodged            |    86 |    34 |    29 ||   149
       Rpst.: Falchion   |    25 |    10 |     8 ||    43
